 Dungeon Crawl Stone Soup version 0.27-a0-1071-ga85bd9520d (webtiles) character file.

Game seed: 15637747224142918811

197 leviel the Skirmisher (level 5, -2/48 HPs)
             Began as a Hill Orc Fighter on Apr 24, 2021.
             Slain by a gnoll
             ... wielding a +0 spear
              (8 damage)
             ... on level 3 of the Dungeon.
             The game lasted 00:03:39 (3635 turns).

leviel the Skirmisher (Hill Orc Fighter)            Turns: 3635, Time: 00:03:40

Health: -2/48      AC:  7    Str: 20    XL:     5   Next: 75%
Magic:  5/5        EV:  9    Int:  8    God:
Gold:   112        SH:  0    Dex: 10    Spells: 4/4 levels left

rFire    . . .     SeeInvis .   a - +0 war axe
rCold    . . .     Faith    .   (no shield)
rNeg     . . .     Spirit   .   b - +0 scale mail
rPois    .         Reflect  .   (no helmet)
rElec    .         Harm     .   (no cloak)
rCorr    .         Rampage  .   (no gloves)
Will     .....                  (no boots)
Stlth    ..........             (no amulet)
HPRegen  0.16/turn              (no ring)
MPRegen  0.09/turn              (no ring)

@: mighty
A: no striking features
a: no special abilities


You were on level 3 of the Dungeon.
You visited 1 branch of the dungeon, and saw 3 of its levels.

You collected 112 gold pieces.

Inventory:

Hand Weapons
 a - a +0 war axe (weapon)
Armour
 b - a +0 scale mail (worn)
Jewellery
 i - an amulet of faith
Scrolls
 c - a scroll of vulnerability {unknown}
 k - a scroll of enchant armour {unknown}
 l - 2 scrolls of identify {unknown}
Potions
 d - 2 potions of might
 e - a potion of attraction {unknown}
 f - 2 potions of resistance {unknown}
 g - a potion of magic {unknown}
 h - a potion of curing {unknown}
 j - a potion of degeneration {unknown}


   Skills:
 + Level 5.2 Fighting
 + Level 4.9 Axes
 + Level 4.7 Armour
 - Level 3.2 Shields


You had 4 spell levels left.
You didn't know any spells.
Your spell library contained the following spells:

 Spells                   Type           Power      Damage    Failure   Level
 Animate Skeleton         Necr           0%         N/A       75%         1
 Apportation              Tloc           0%         N/A       75%         1
 Corona                   Hex            0%         N/A       75%         1
 Magic Dart               Conj           0%         1d3       75%         1
 Summon Small Mammal      Summ           0%         N/A       75%         1
 Blink                    Tloc           N/A        N/A       87%         2
 Call Imp                 Summ           0%         N/A       87%         2
 Slow                     Hex            0%         N/A       87%         2
 Conjure Flame            Conj/Fire      0%         6-21      98%         3
 Mephitic Cloud           Conj/Pois/Air  0%         N/A       98%         3


Dungeon Overview and Level Annotations

Branches:
Dungeon (3/15)

Altars:
Cheibriados


Message History

You are too injured to fight recklessly!
You are too injured to fight recklessly!
You are too injured to fight recklessly!
You are too injured to fight recklessly!
You barely miss the gnoll.
A gnoll opens the door.
The gnoll hits you with a +0 flail.
You slash the gnoll!
The gnoll is heavily wounded.
The gnoll barely misses you.
The gnoll hits you from afar with a +0 spear.
You barely miss the gnoll.
The gnoll is heavily wounded.
The gnoll closely misses you.
You feel very mighty all of a sudden. The gnoll hits you with a +0 flail!
* * * LOW HITPOINT WARNING * * *
You slash the gnoll!
You kill the gnoll!
You closely miss the gnoll. The gnoll hits you with a +0 club.
* * * LOW HITPOINT WARNING * * *
You barely miss the gnoll. The gnoll barely misses you.
You hit the gnoll.
The gnoll is moderately wounded.
The gnoll hits you with a +0 club.
* * * LOW HITPOINT WARNING * * *
The gnoll hits you but does no damage.
You barely miss the gnoll.
The gnoll is moderately wounded.
The gnoll hits you with a +0 club.
* * * LOW HITPOINT WARNING * * *
You completely miss the gnoll.
The gnoll is moderately wounded.
The gnoll hits you but does no damage.
You slice the gnoll!!
You kill the gnoll!
You slash the frilled lizard!
You kill the frilled lizard!
The gnoll barely misses you. The gnoll hits you with a +0 spear!
You die...

. ###.##.# ##.....≈≈≈....#
#####....# #....≈≈≈≈≈...#
........## #.#####≈######
###.###.# ### #≈≈# ###.#
#.####### ###≈#
....###.##....#### ≈#
.................# #
.#####.###.[..##.#
'#≈≈⌠#.......###@#
≈≈≈≈≈#....)....#g#
##≈≈≈#..)......'.##########
.##≈##.........#w#........#
_.#≈#............'.l.gg...###
.##≈##...#####.#.#..>.......##
≈#≈≈≈#...# #.#+#.########..#
≈≈≈≈≈#.### ##.....# ##.##
##≈≈⌠#.## #......# #.g#


You could see a worm and a gnoll.

Vanquished Creatures
  An orc wizard (D:2)
  3 gnolls (D:3)
  5 adders
  5 worms
  5 dart slugs (D:1)
  5 orcs
  4 endoplasms
  A giant cockroach (D:2)
  8 hobgoblins
  4 jackals (D:2)
  3 quokkas
  7 ball pythons
  7 bats
  3 frilled lizards
  3 goblins
  6 kobolds
  3 rats
73 creatures vanquished.

Notes
Turn   | Place    | Note
-------+----------+-------------------------------------------
     0 | D:1      | leviel the Hill Orc Fighter began the quest for the Orb.
     0 | D:1      | Reached XP level 1. HP: 19/19 MP: 1/1
   176 | D:1      | Reached XP level 2. HP: 27/27 MP: 2/2
   236 | D:1      | Reached skill level 4 in Fighting
   492 | D:1      | Reached XP level 3. HP: 28/33 MP: 3/3
  1565 | D:2      | Reached XP level 4. HP: 37/41 MP: 4/4
  2689 | D:3      | Reached XP level 5. HP: 40/47 MP: 5/5
  2698 | D:2      | Reached skill level 5 in Fighting
  3195 | D:3      | Found a snail-covered altar of Cheibriados.
  3635 | D:3      | Slain by a gnoll

Illustrated notes

Levels and vault maps discovered:
D:1:      noname_arrival_rooms_in_the_neighbourhood, layout_basic
D:2:      layout_loops_ring, st_stairs_2, minmay_misc_feat_pillars,
          minmay_misc_feat_tower, dk_noncrumbling_3
D:3:      layout_basic, lemuel_coloured_pillars_altar, cheibrodos_worm_habitat,
          nicolae_overflow_hidden_temple, hangedman_abyss_or_decor_lesser_grid,
          lemuel_another_geyser

Skill      XL: |  1  2  3  4  5 |
---------------+----------------+-----
Axes           | 3 4 |  4.9
Fighting       | 4 5 |  5.2
Armour         | 4 |  4.7
Shields        | |  3.2

Action                   |  1- 3 |  4- 6 || total
-------------------------+-------+-------++-------
Melee: War axe           |    89 |   153 ||   242
  Use: Potion            |       |     1 ||     1
Armor: Scale mail        |    39 |    97 ||   136
Dodge: Dodged            |    47 |    98 ||   145

Table legend: (Time is in decaauts)
 A = Elapsed time spent in this place.
 B = Non-inter-level travel time spent in this place.
 C = Inter-level travel time spent in this place.
 D = Time resting spent in this place.
 E = Time spent auto-exploring this place.
 F = Levels seen in this place.
 G = Mean time per level.
                   A        B        C        D        E       F      G
               +--------+--------+--------+--------+--------+-----+--------+
         Total |   3721 |   3647 |     74 |    880 |   2146 |   3 | 1240.3 |
       Dungeon |   3721 |   3647 |     74 |    880 |   2146 |   3 | 1240.3 |
               +--------+--------+--------+--------+--------+-----+--------+

Top non-repeatable levels by time:
     D:2: 1433 daAuts
     D:1: 1250 daAuts
     D:3: 1037 daAuts
